 Dungeon Crawl Stone Soup version 0.32-a0-571-gec57dfcd37 (webtiles) character file.

Game seed: 11151539822686996190

578 ytrimaz the Chopper (level 7, -8/52 HPs)
             Began as a Coglin Fighter on Mar 1, 2024.
             Mangled by an orc warrior
             ... wielding a +0 trident
              (10 damage)
             ... on level 5 of the Dungeon.
             The game lasted 00:03:38 (4408 turns).

ytrimaz the Chopper (Coglin Fighter)                Turns: 4408, Time: 00:03:38

Health: -8/52      AC:  7    Str: 20    XL:     7   Next: 36%
Magic:  7/7        EV:  9    Int:  8    God:
Gold:   223        SH:  0    Dex: 16    Spells: 6/6 levels left

rFire   . . .        a - +0 war axe {Bianca}
rCold   . . .        r - +2 flail of Kismet {vamp, Str+2 Dex+3 Stlth+}
rNeg    . . .        b - +0 scale mail
rPois   .            (no helmet)
rElec   .            (no cloak)
rCorr   .            k - +0 pair of gloves
SInv    .            (no boots)
Will    .....        (amulet unavailable)
Stlth   +            (ring unavailable)
HPRegen 0.28/turn    (ring unavailable)
MPRegen 0.10/turn    (no gizmo)

%: no passive effects
@: revved
A: off-hand wielding, slow wielding, warmup strikes, no jewellery
a: Invent Gizmo


You were on level 5 of the Dungeon.
You visited 1 branch of the dungeon, and saw 5 of its levels.

You collected 223 gold pieces.


Innate Abilities, Weirdness & Mutations

You can wield a second weapon in your off-hand.
It takes a long time for you to wield or remove held weapons.
Your first few attacks do less damage.
You cannot equip rings or amulets.


   Skills:
 - Level 3.0 Fighting
 + Level 7.9 Axes
 - Level 2.6 Armour
 - Level 2.1 Shields


You had 6 spell levels left.
You didn't know any spells.
Your spell library contained the following spells:

 Spells                   Type           Power      Damage    Failure   Level
 Freeze                   Ice            0%         1d3       77%         1
 Magic Dart               Conj           0%         1d3       77%         1
 Blink                    Tloc           0%         N/A       88%         2
 Call Imp                 Summ           0%         N/A       88%         2
 Lesser Beckoning         Tloc           0%         N/A       88%         2
 Momentum Strike          Conj/Tloc      0%         3d8       88%         2
 Scorch                   Fire           0%         2d5       88%         2
 Frozen Ramparts          Ice            0%         1d1       98%         3
 Hailstorm                Conj/Ice       0%         3d5       98%         3
 Flame Wave               Conj/Fire      0%         2d4       100%        4
 Summon Cactus Giant      Summ           0%         N/A       100%        6

Inventory:

Hand Weapons
 a - a +0 war axe (weapon) {Bianca}
 p - a +0 hand axe
   (You found it on level 2 of the Dungeon)
 r - the +2 flail of Kismet (offhand) {vamp, Str+2 Dex+3 Stlth+}
   (You found it on level 4 of the Dungeon)

   Str+2:     It affects your strength (+2).
   Dex+3:     It affects your dexterity (+3).
   Stlth+:    It makes you more stealthy.
Armour
 b - a +0 scale mail (worn)
 c - a +0 buckler
 k - a +0 pair of gloves (worn)
   (You found it on level 4 of the Dungeon)
Wands
 l - a wand of flame (24) (quivered)
   (You took it off Ijyb on level 4 of the Dungeon)
Scrolls
 d - a scroll of fear
 e - 2 scrolls of amnesia
 q - a scroll of blinking
Potions
 f - 3 potions of curing
 h - a potion of resistance
 i - a potion of enlightenment
 j - a potion of magic
 o - a potion of attraction {unknown}
Miscellaneous
 s - a box of beasts
   (You found it on level 4 of the Dungeon)

Dungeon Overview and Level Annotations

Branches:
Dungeon (5/15) Zot: 25488
 Temple: D:4-7

Altars:
Hepliaklqana
Sif Muna
Vehumet
Yredelemnul

Annotations:
D:4 4 runed translucent doors

######### ........#
##.≈.ß.≈...#
...≈...≈...####o##.#
...≈≈.≈≈....@ooo....
.#.≈≈.≈≈...#######.#
...≈≈.≈≈...###
#.≈≈_≈≈.....#
##.≈≈≈≈≈...[.#######
....≈≈≈.............
##...........#########
####.......#........#
#######.#.######.#


You could see an orc warrior and 3 orcs.


Message History

Unknown command.
The wyvern hisses angrily.
The orc wizard shouts!
The jackal barks! x2
The jackal barks!
You see here a hobgoblin skeleton.
You see here a +0 club.
There is a stone staircase leading down here.
You climb downwards.
Found a stone staircase leading down and a stone staircase leading up.
There is a stone staircase leading up here.
An iguana comes into view.
An iguana is nearby!
An iguana is nearby!
The iguana bites you. 😕 HP[-5]
You take 5 damage, and now have 47/52 hp.
You hit the iguana with the +2 flail of Kismet.
You feel better.
You closely miss the iguana with your +0 war axe.
The iguana bites you.
You sock the iguana with the +2 flail of Kismet!
You closely miss the iguana with your +0 war axe.
The iguana bites you. 😕 HP[-1]
You take 1 damage, and now have 46/52 hp.
Unknown command.
You slash the iguana with your +0 war axe!
You kill the iguana! 😕 HP[+1] No target in view!
You pick up a book of Minor Magic and begin reading...
You add the spells Magic Dart and Call Imp to your library. 😎 HP[+5]
Your hp is fully restored (52).
You now have 213 gold pieces (gained 14).
You now have 223 gold pieces (gained 10).
Key pressed, stopping explore.
No target in view!
Key pressed, stopping explore.
No target in view!
You see here 5 stones.
You pick up a book of Frost and begin reading...
You add the spells Freeze, Frozen Ramparts and Hailstorm to your library.
Key pressed, stopping explore.
No target in view!
Key pressed, stopping explore.
No target in view!
Found a radiant altar of Vehumet.
g - a scroll of identify Key pressed, stopping explore.
No target in view!
An orc warrior comes into view. It is wielding a +0 trident.
The orc warrior shouts!
An orc comes into view. It is wielding a +0 dagger.
The orc shouts!
You hear a shout!
An orc comes into view. It is wielding a +0 trident.
You hear a shout!
There are monsters nearby!
There are monsters nearby!
As you read the scroll of identify, it crumbles to dust.
h - a potion of resistance The orc warrior hits you from afar with a +0 trident. 😕 HP[-6]
You take 6 damage, and now have 46/52 hp.
The orc hits you from afar with a +0 trident.
The orc warrior hits you with a +0 trident! 😮 HP[-15]
You take 15 damage, and now have 31/52 hp.
MASSIVE DAMAGE!! (PAUSE)
You hit the orc warrior but do no damage.
You hit the orc warrior with your +0 war axe.
The orc hits you from afar with a +0 trident.
* * * LOW HITPOINT WARNING * * *
An orc comes into view. It is wielding a +0 club.
The orc warrior hits you with a +0 trident!
* * * LOW HITPOINT WARNING * * *
😨 HP[-13]
You take 13 damage, and now have 18/52 hp.
MASSIVE DAMAGE!! (PAUSE)
You sock the orc warrior with the +2 flail of Kismet!
You feel better.
You barely miss the orc warrior with your +0 war axe.
The orc hits you from afar with a +0 trident!
* * * LOW HITPOINT WARNING * * *
The orc warrior hits you with a +0 trident.
* * * LOW HITPOINT WARNING * * *
😱 HP[-9]
You take 9 damage, and now have 9/52 hp.
Unknown command.
You hit the orc warrior but do no damage. x2
The orc hits you from afar with a +0 trident.
* * * LOW HITPOINT WARNING * * *
The orc warrior hits you with a +0 trident.
* * * LOW HITPOINT WARNING * * *
😱 HP[-7]
You take 7 damage, and now have 2/52 hp.
You barely miss the orc warrior with your +0 war axe.
You completely miss the orc warrior with the +2 flail of Kismet.
The orc hits you but does no damage.
The orc warrior hits you with a +0 trident!
You die...

Skill      XL: |  1  2  3  4  5  6 |
---------------+-------------------+-----
Axes           | 3 4 5 6 7 |  7.9
Fighting       | |  3.0
Armour         | |  2.6
Shields        | |  2.1

Action                     |  1- 3 |  4- 6 |  7- 9 || total
---------------------------+-------+-------+-------++-------
  Melee: War axe           |   132 |   173 |    25 ||   330
         Flail             |       |     9 |    26 ||    35
  Evoke: Wand              |       |     3 |       ||     3
    Use: Scroll            |       |     6 |     4 ||    10
         Potion            |       |     6 |       ||     6
 Armour: Scale mail        |   140 |   134 |    29 ||   303
  Dodge: Dodged            |    88 |   100 |     8 ||   196
  Block: Buckler           |    34 |    37 |       ||    71

Levels and vault maps discovered:
D:1:      dpeg_arrival_simpleton_b, layout_loops_ring,
          chequers_ecumenical_altar_lobes
D:2:      layout_loops_ring, uniq_robin
D:3:      layout_basic, nicolae_overflow_two_pavilions
D:4:      layout_loops_ring, mainiacjoe_overflow_alcove_2,
          minmay_hollow_rounded_squares, uniq_ijyb
D:5:      layout_basic, mainiacjoe_overflow_catwalk, kennysheep_little_box,
          uniq_sigmund

Notes
Turn   | Place    | Note
-------+----------+-------------------------------------------
     0 | D:1      | ytrimaz the Coglin Fighter began the quest for the Orb.
     0 | D:1      | Reached XP level 1. HP: 18/18 MP: 1/1
     0 | D:1      | magus.rc [v1.9.6]
    84 | D:1      | Reached XP level 2. HP: 24/24 MP: 2/2
   296 | D:1      | Reached skill level 3 in Axes
   453 | D:1      | Found a faded altar of an unknown god.
   507 | D:1      | Reached XP level 3. HP: 28/29 MP: 3/3
  1015 | D:2      | Noticed Robin
  1031 | D:2      | Killed Robin
  1033 | D:2      | Reached skill level 4 in Axes
  1081 | D:2      | Reached XP level 4. HP: 30/35 MP: 4/4
  1882 | D:3      | Reached skill level 5 in Axes
  1884 | D:3      | Reached XP level 5. HP: 32/41 MP: 5/5
  2206 | D:3      | HP: 10/41 [gnoll/+0 spear (2)]
  2208 | D:3      | HP: 4/41 [gnoll/+0 spear (4)]
  2383 | D:3      | Found a basalt altar of Yredelemnul.
  2383 | D:3      | Found a shimmering blue altar of Sif Muna.
  3021 | D:4      | Noticed Ijyb
  3029 | D:4      | Killed Ijyb
  3082 | D:4      | Noticed an ogre
  3091 | D:4      | Killed an ogre
  3092 | D:4      | Reached skill level 6 in Axes
  3092 | D:4      | Reached XP level 6. HP: 25/47 MP: 6/6
  3243 | D:4      | Found a large runed translucent door.
  3243 | D:4      | Found a large runed translucent door.
  3253 | D:4      | Noticed a wyvern
  3276 | D:4      | Found a large runed translucent door.
  3276 | D:4      | Found a large runed translucent door.
  3359 | D:4      | Identified the +2 flail of Kismet {vamp, Str+2 Dex+3
                  | Stlth+}
  3562 | D:4      | Reached skill level 7 in Axes
  3588 | D:4      | You pick up a book of Spatial Translocations and begin
                  | reading...
  3588 | D:4      | You add the spells Blink, Momentum Strike and Lesser
                  | Beckoning to your library.
  3637 | D:4      | Reached XP level 7. HP: 48/52 MP: 7/7
  3793 | D:4      | Found a hazy altar of Hepliaklqana.
  3802 | D:4      | You pick up a book of Scorching and begin reading...
  3802 | D:4      | You add the spells Scorch, Flame Wave and Summon Cactus
                  | Giant to your library.
  4235 | D:5      | Entered Level 5 of the Dungeon
  4267 | D:5      | You pick up a book of Minor Magic and begin reading...
  4267 | D:5      | You add the spells Magic Dart and Call Imp to your library.
  4366 | D:5      | You pick up a book of Frost and begin reading...
  4366 | D:5      | You add the spells Freeze, Frozen Ramparts and Hailstorm to
                  | your library.
  4377 | D:5      | Found a radiant altar of Vehumet.
  4406 | D:5      | HP: 9/52 [orc warrior/+0 trident (5)]
  4407 | D:5      | HP: 4/52 [orc/+0 trident (6)]
  4408 | D:5      | Mangled by an orc warrior

Vanquished Creatures
  An ogre (D:4)
  A gnoll sergeant (D:4)
  A jelly (D:4)
  A bombardier beetle (D:4)
  2 orc priests (D:4)
  Ijyb (D:4)
  2 iguanas
  Robin (D:2)
  4 gnolls
  7 adders
  A shadow imp (D:4)
  2 ribbon worms
  3 dart slugs
  4 orcs (D:4)
  7 bats
  6 endoplasms
  3 giant cockroaches
  19 goblins
  8 hobgoblins
  5 jackals
  8 kobolds
  A quokka (D:1)
  6 ball pythons
  2 frilled lizards (D:2)
  12 rats
108 creatures vanquished.

Table legend:
 A = Non-vault XP
 B = Vault XP
 C = Vault XP percentage of total XP
 D = Non-vault monster count
 E = Vault monster count
 F = Vault count percentage of total count
                 A         B        C        D         E       F
            +---------+---------+-------+---------+---------+-------
      Total |     556 |     271 |  32.8 |      84 |      24 |  22.2
            +---------+---------+-------+---------+---------+-------
        D:1 |      37 |       0 |   0.0 |      25 |       0 |   0.0
        D:2 |      80 |      37 |  31.6 |      16 |      13 |  44.8
        D:3 |      92 |       0 |   0.0 |      23 |       0 |   0.0
        D:4 |     308 |     234 |  43.2 |      19 |      11 |  36.7
        D:5 |      39 |       0 |   0.0 |       1 |       0 |   0.0
            +---------+---------+-------+---------+---------+-------

Skill      XL: |  1  2  3  4  5  6 |
---------------+-------------------+-----
Axes           | 3 4 5 6 7 |  7.9
Fighting       | |  3.0
Armour         | |  2.6
Shields        | |  2.1

Action                     |  1- 3 |  4- 6 |  7- 9 || total
---------------------------+-------+-------+-------++-------
  Melee: War axe           |   132 |   173 |    25 ||   330
         Flail             |       |     9 |    26 ||    35
  Evoke: Wand              |       |     3 |       ||     3
    Use: Scroll            |       |     6 |     4 ||    10
         Potion            |       |     6 |       ||     6
 Armour: Scale mail        |   140 |   134 |    29 ||   303
  Dodge: Dodged            |    88 |   100 |     8 ||   196
  Block: Buckler           |    34 |    37 |       ||    71

Illustrated notes

Table legend:
 A = Kills in this place as a percentage of kills in the entire game.
 B = Kills by you in this place as a percentage of kills by you in the entire game.
 C = Kills by friends in this place as a percentage of kills by friends in the entire game.
 D = Other kills in this place as a percentage of other kills in the entire game.
 E = Experience gained in this place as a percentage of experience gained in the entire game.
 F = Experience gained in this place divided by the number of levels of this place that you have seen.
                   A       B       C       D       E      F
               +-------+-------+-------+-------+-------+----------------------
         Total | 100.0 | 100.0 |   N/A |   N/A | 100.0 | 165.4
       Dungeon | 100.0 | 100.0 |   N/A |   N/A | 100.0 | 165.4
               +-------+-------+-------+-------+-------+----------------------

Table legend: (Time is in decaauts)
 A = Elapsed time spent in this place.
 B = Non-inter-level travel time spent in this place.
 C = Inter-level travel time spent in this place.
 D = Time resting spent in this place.
 E = Time spent auto-exploring this place.
 F = Levels seen in this place.
 G = Mean time per level.
                   A        B        C        D        E       F      G
               +--------+--------+--------+--------+--------+-----+--------+
         Total |   4510 |   4320 |    190 |    132 |   3308 |   5 |  902.0 |
       Dungeon |   4510 |   4320 |    190 |    132 |   3308 |   5 |  902.0 |
               +--------+--------+--------+--------+--------+-----+--------+

Top non-repeatable levels by time:
     D:4: 1423 daAuts
     D:2: 1037 daAuts
     D:3: 1011 daAuts
     D:1: 864 daAuts
     D:5: 173 daAuts
